 Dungeon Crawl Stone Soup version 0.19.5 (webtiles) character file.

45 tidbits the Conjurer (level 3, 2/23 HPs)
             Began as a High Elf Wanderer on Nov 8, 2017.
             Quit the game on level 2 of the Dungeon.
             The game lasted 00:07:27 (884 turns).

tidbits the Conjurer (High Elf Wanderer)             Turns: 884, Time: 00:07:28

Health: 2/23       AC:  2    Str: 15    XL:     3   Next: 42%
Magic:  0/7        EV: 11    Int: 19    God:
Gold:   65         SH:  0    Dex: 13    Spells: 3 memorised, 1 level left

rFire  . . .     SeeInvis .     d - +0 dagger
rCold  . . .     Gourm    .     B - +0 robe
rNeg   . . .     Faith    .     (no shield)
rPois  .         Spirit   .     (no helmet)
rElec  .         Reflect  .     (no cloak)
rCorr  .         Harm     .     (no gloves)
MR     .....                    (no boots)
Stlth  ++........               (no amulet)
                                (no ring)
                                (no ring)

@: brilliant, lethally poisoned (2 -> -4)
A: no striking features
a: no special abilities


You were on level 2 of the Dungeon.
You were not hungry.

You visited 1 branch of the dungeon, and saw 3 of its levels.

You collected 65 gold pieces.

Inventory:

Hand Weapons
 a - a +0 club
 d - a +0 dagger (weapon)
   (You found it on level 1 of the Dungeon)
Missiles
 j - 14 arrows
 l - 3 stones (quivered)
Armour
 i - a +0 ring mail
   (You found it on level 1 of the Dungeon)
 B - a +0 robe (worn)
Scrolls
 e - a scroll of fog {unknown}
 h - 3 scrolls of identify
 n - a scroll of teleportation {unknown}
Potions
 b - a potion of lignification
Books
 c - a book of Minor Magic

   Spells                             Type                      Level
   a - Magic Dart                     Conjuration                  1
   b - Blink                          Translocation                2
   c - Call Imp                       Summoning                    2
   d - Repel Missiles                 Charms/Air                   2
   e - Slow                           Hexes                        2
   f - Conjure Flame                  Conjuration/Fire             3
   g - Mephitic Cloud                 Conjuration/Poison/Air       3
Comestibles
 f - 2 bread rations
 g - a royal jelly


   Skills:
 - Level 1.0 Fighting
 - Level 2.4 Short Blades
 - Level 1.1 Stealth
 - Level 2.4 Spellcasting
 + Level 3.4 Conjurations
   Level 1.0 Hexes
 - Level 1.7 Summonings
   Level 1.0 Evocations


You had one spell level left.
You knew the following spells:

 Your Spells              Type           Power        Failure   Level  Hunger
a - Magic Dart            Conj           ####         1%          1    #......
i - Call Imp              Summ           ###.....     1%          2    ##.....
m - Repel Missiles        Chrm/Air       ##....       3%          2    ##.....


Dungeon Overview and Level Annotations

Branches:
Dungeon (3/15)

Altars:


Message History

Your crimson imp hits the hobgoblin.
The hobgoblin closely misses you.
The hobgoblin hits your crimson imp with a club!
Casting: Call Imp
Confirm with . or Enter, or press ? or * to list all spells.
Aiming: Magic Dart
Press: ? - help, Shift-Dir - straight line, f/p - hobgoblin
Aim: a hobgoblin The magic dart hits the hobgoblin.
You kill the hobgoblin!
Your crimson imp closely misses the hobgoblin.
The hobgoblin misses your crimson imp.
Casting: Magic Dart
Confirm with . or Enter, or press ? or * to list all spells.
Aiming: Magic Dart
Press: ? - help, Shift-Dir - straight line, f - adder
Aim: an adder The magic dart hits the adder.
The adder is moderately wounded.
The adder bites you.
Your crimson imp closely misses the hobgoblin.
The hobgoblin hits your crimson imp but does no damage.
The adder bites you.
Casting: Magic Dart
Confirm with . or Enter, or press ? or * to list all spells.
Aiming: Magic Dart
Press: ? - help, Shift-Dir - straight line, f/p - adder
Aim: an adder (moderately wounded)
The magic dart hits the adder.
The adder is heavily wounded.
Your crimson imp closely misses the hobgoblin.
The adder barely misses you. The hobgoblin misses your crimson imp.
Casting: Magic Dart
Confirm with . or Enter, or press ? or * to list all spells.
Aiming: Magic Dart
Press: ? - help, Shift-Dir - straight line, f/p - adder
Aim: an adder (heavily wounded)
The magic dart hits the adder.
The adder is almost dead.
Your crimson imp hits the hobgoblin.
The hobgoblin dies!
The adder completely misses you.
A goblin comes into view. It is wielding a club.
Casting: Magic Dart
Confirm with . or Enter, or press ? or * to list all spells.
Aiming: Magic Dart
Press: ? - help, Shift-Dir - straight line, f/p - adder
Aim: an adder (almost dead)
The magic dart hits the adder.
You kill the adder!
Your crimson imp blinks!
Casting: Magic Dart
Confirm with . or Enter, or press ? or * to list all spells.
Aiming: Magic Dart
Press: ? - help, Shift-Dir - straight line, f - adder
Aim: an adder The magic dart hits the adder.
The adder is moderately wounded.
The adder barely misses you. The adder bites you.
Wield which item (- for none, * to show all)? (? for menu, Esc to quit)
Okay, then.
You closely miss the adder.
The adder is moderately wounded.
The adder misses you.
You closely miss the adder.
The adder is moderately wounded.
The adder closely misses you.
You barely miss the adder.
The adder is moderately wounded.
The adder bites you.
You hit the adder but do no damage.
The adder is moderately wounded.
The adder bites you.
* * * LOW HITPOINT WARNING * * *
You are poisoned.
The adder poisons you!
You hit the adder.
The adder is heavily wounded.
You feel sick. The adder bites you.
* * * LOW HITPOINT WARNING * * *
You miss the adder.
The adder is heavily wounded.
The adder bites you.
* * * LOW HITPOINT WARNING * * *
You hit the adder but do no damage.
The adder is heavily wounded.
* * * LOW HITPOINT WARNING * * *
You feel sick. The adder bites you but does no damage.
Casting: Magic Dart
Confirm with . or Enter, or press ? or * to list all spells.
Aiming: Magic Dart
Press: ? - help, Shift-Dir - straight line, f/p - adder
Aim: an adder (moderately wounded)
The magic dart hits the adder.
The adder is severely wounded.
The adder bites you.
* * * LOW HITPOINT WARNING * * *
The adder bites you.
* * * LOW HITPOINT WARNING * * *
Okay, then.
Are you sure you want to abandon this character and quit the game? (Confirm with "yes".)

...........#...............
...........#........#
...........#........#
...........#........#
...........#........#
...........#........####.#
#
################'#.......#
#.## #.#.####### .... #@#5#
# #S#.# #.## .. #s#.# #...
...####g#.# ####
........#S# # #...
.......)#'##...# #.##
...!.......s...+ #.
...........#...# #.
...........# ..# #.


You could see an adder, a giant cockroach and a goblin.

Vanquished Creatures
  3 adders (D:2)
  5 goblins
  3 hobgoblins
  2 bats (D:1)
  A frilled lizard (D:1)
  3 kobolds
  2 rats (D:1)
19 creatures vanquished.

Vanquished Creatures (collateral kills)
  A hobgoblin (D:2)
1 creature vanquished.

Grand Total: 20 creatures vanquished

Notes
Turn   | Place    | Note
-------+----------+-------------------------------------------
     0 | D:1      | tidbits the High Elf Wanderer began the quest for the Orb.
     0 | D:1      | tidbits set off with: a book of Minor Magic, 2 potions of lignification, a +0 robe, a +0 club, a bread ration
     0 | D:1      | Reached XP level 1. HP: 13/13 MP: 4/4
     2 | D:1      | Learned a level 1 spell: Magic Dart
     5 | D:1      | Noticed an electric eel
     5 | D:1      | Noticed an electric eel
   150 | D:1      | Reached skill level 1 in Conjurations
   387 | D:1      | Reached XP level 2. HP: 18/18 MP: 0/6
   391 | D:1      | Learned a level 2 spell: Call Imp
   394 | D:1      | Learned a level 2 spell: Repel Missiles
   496 | D:1      | Reached skill level 2 in Conjurations
   653 | D:2      | Reached skill level 3 in Conjurations
   653 | D:2      | Reached XP level 3. HP: 23/23 MP: 0/7
   883 | D:2      | HP: 2/23 [adder (2)]
   884 | D:2      | Quit the game

Skill      XL: |  1  2 |
---------------+-------+-----
Conjurations   | 1 3 |  3.4
Fighting       | |  1.0
Short Blades   | |  2.4
Stealth        | |  1.1
Spellcasting   | |  2.4
Hexes          | |  1.0
Summonings     | |  1.7
Evocations     | |  1.0

Action                   || total
-------------------------++-------
Melee: Club              ||     2
       Unarmed           ||     2
       Dagger            ||     7
 Cast: Magic Dart        ||    50
       Call Imp          ||     1
  Use: Potion            ||     2
       Scroll            ||     1
 Stab: Sleeping          ||     1
  Eat: Chunk             ||     1
Armor: Robe              ||     2
       Skin              ||     1
Dodge: Dodged            ||    16

Table legend:
 A = Turns spent in this place as a percentage of turns spent in the entire game.
 B = Non-inter-level travel turns spent in this place as a percentage of non-inter-level travel turns spent in the entire game.
 C = Inter-level travel turns spent in this place as a percentage of turns spent in this place.
 D = Turns resting spent in this place as a percentage of non-inter-level travel turns spent in this place.
 E = Turns spent auto-exploring this place as a percentage of non-inter-level travel turns spent in this place.
 F = Non-inter-level travel turns spent in this place divided by the number of levels of this place that you've seen.
                   A       B       C       D       E      F
               +-------+-------+-------+-------+-------+----------------------
         Total | 100.0 | 100.0 |   0.0 |   0.3 |   0.0 | 239.0
       Dungeon | 100.0 | 100.0 |   0.0 |   0.3 |   0.0 | 239.0
               +-------+-------+-------+-------+-------+----------------------

Table legend:
 A = Kills in this place as a percentage of kills in entire the game.
 B = Kills by you in this place as a percentage of kills by you in the entire game.
 C = Kills by friends in this place as a percentage of kills by friends in the entire game.
 D = Other kills in this place as a percentage of other kills in the entire game.
 E = Experience gained in this place as a percentage of experience gained in the entire game.
 F = Experience gained in this place divided by the number of levels of this place that you have seen.
                   A       B       C       D       E      F
               +-------+-------+-------+-------+-------+----------------------
         Total | 100.0 | 100.0 | 100.0 |  -nan | 100.0 |  21.7
       Dungeon | 100.0 | 100.0 | 100.0 |  -nan | 100.0 |  21.7
               +-------+-------+-------+-------+-------+----------------------

Vault maps used:
D:1:      arrival_aquarium_b
D:2:      feat_on_display
D:3:      uniq_iyjb
